[Event "*** Titled Tuesday Blitz"]
[Site "Chess.com"]
[Date "2021.04.20"]
[Round "9"]
[White "Fh2411"]
[Black "politeplayer"]
[Result "1/2-1/2"]
[WhiteElo "2551"]
[BlackElo "2271"]
[TimeControl "180+1"]
[EndTime "11:46:38 PDT"]
[Termination "Game drawn - insufficient material"]

1. d4 Nf6 2. Nf3 g6 3. g3 Bg7 4. Bg2 O-O 5. O-O c5 6. c4 cxd4 7. Nxd4 Nc6 8. Nc3 Qa5 9. h3 d6 10. e3 Ne5 11. Nd5 Qd8 12. b3 e6 13. Nxf6+ Bxf6 14. Bb2 d5 15. cxd5 exd5 16. Qe2 Re8 17.
Rfd1 Be6 18. Kh2 Qb6 19. Rd2 Rad8 20. Rad1 a6 21. Rc1 Bg7 22. Qd1 Bc8 23. Ne2 Be6 24. Nf4 Qa5 25. Bc3 Qb5 26. Bxe5 Bxe5 27. Nxd5 Qd7 28.
Rcc2 Bxd5 29. Rxd5 Qe7 30. Rcd2 Rxd5 31. Rxd5 b5 32.
Rd7 Qf6 33. f4 Bb8 34. Qf3 Kg7 35. e4 Qb2 36. e5 Rc8 37. Qd5 Rf8 38. e6 Qf6 39. h4 h5 40. exf7 Rxf7 41. Rd8 Bc7 42. Rd7 Rxd7 43. Qxd7+ Qf7 44. Qd4+ Qf6 45. Qa7 Qf7 46.
Qxa6 Bxf4 47. Qxb5 Bd6 48. Qc4 Qc7 49. Qxc7+ Bxc7 50. Be4 Bd6 51. Kg2 Kf6 52. Kf3 Ba3 53. Bd5 Bc1 54.
Ke4 g5 55. hxg5+ Kxg5 56. Kf3 Bd2 57. a4 Bb4 58. Bf7 h4 59. gxh4+ Kxh4 60. Ke4 Kg5 61. Kd5 Kf6 62. Kc4 Be1 63. Bd5 Ke7 64. Kc5 Kd7 65.
b4 Kc7 66. a5 Bf2+ 67. Kb5 Kb8 68. Bg2 Ka7 69. Kc6 Bg1 70. b5 Bf2 71. b6+ Ka6 72.
b7 Bg3 73. Kd7 Kxa5 74. Kc8 Be5 75. b8=Q Bxb8 1/2-1/2

[Event "*** Titled Tuesday Blitz"]
[Site "Chess.com"]
[Date "2021.04.20"]
[Round "9"]
[White "OriTaichman"]
[Black "MarcoRiehle"]
[Result "1-0"]
[WhiteElo "2568"]
[BlackElo "2687"]
[TimeControl "180+1"]
[EndTime "11:46:55 PDT"]
[Termination "OriTaichman won by checkmate"]

1. e4 e5 2. d4 exd4 3. Qxd4 Nc6 4. Qe3 Nf6 5. Nc3 Bb4 6. Bd2 O-O 7. O-O-O Re8 8.
Qg3 Rxe4 9. a3 Bxc3 10. Bxc3 d6 11. f3 Re8 12. Bd3 Ne5 13. Bxe5 Rxe5 14. Qxe5 dxe5 15.
Bxh7+ Kxh7 16. Rxd8 b6 17. Ne2 Bb7 18. Rxa8 Bxa8 19.
Rd1 e4 20. fxe4 Bxe4 21. g3 Ng4 22. Rd7 f5 23. h3 Nf2 24. Nf4 Kh6 25. Rxc7 g5 26. Ne6 Nxh3 27. Rxa7 f4 28. gxf4 g4 29. Ng5 Bf5 30. Kd2 Nxf4 31. Nf7+ Kh5 32. Nd6 Bg6 33.
Ke3 g3 34. Ra4 Kg5 35. Ne4+ Bxe4 36. Rxe4 g2 37. Kf2 Kf5 38. Re8 b5 39. b3 Nd5 40.
Kxg2 Nc3 41. Kf3 Nb1 42. a4 bxa4 43. bxa4 Na3 44. a5 Nxc2 45. a6 Nd4+ 46. Ke3 Nb5 47. Re7 Kf6 48. a7 Kxe7 49. a8=Q Nc7 50. Qh8 Ne6 51.
Kf2 Kd6 52. Qh6 Ke5 53. Kf3 Nd4+ 54. Kg4 Ke4 55. Qf8 Ke5 56. Qe8+ Kd5 57. Qe7 Nc6 58.
Qd7+ Kc5 59. Kf4 Na5 60. Ke5 Nc4+ 61. Ke4 Nd6+ 62. Kf4 Nc4 63. Qc7+ Kd5 64. Qd8+ Nd6 65. Qd7 Kc5 66. Ke5 Nc4+ 67. Ke6 Kb4 68. Qd3 Kc5 69. Qd5+ Kb4 70. Qd4 Kb5 71. Kd5 Nb6+ 72. Kd6 Nc4+ 73. Kc7 Na3 74. Qb2+ Ka4 75. Kc6 Nc4 76. Qa2+ Kb4 77.
Kd5 Nb6+ 78. Kd4 Kb5 79. Qe6 Na4 80. Qd7+ Kb4 81. Qb7+ Ka5 82. Kc4 Nb6+ 83. Kc5 Na4+ 84. Kc6 Nc3 85. Qb3 Na4 86. Qb5# 1-0

[Event "*** Titled Tuesday Blitz"]
[Site "Chess.com"]
[Date "2021.04.20"]
[Round "9"]
[White "Iball95"]
[Black "SHIVACalypso"]
[Result "1-0"]
[WhiteElo "2608"]
[BlackElo "2461"]
[TimeControl "180+1"]
[EndTime "11:47:00 PDT"]
[Termination "Iball95 won by checkmate"]

1. e4 e6 2. d4 d5 3. Nc3 Nf6 4. exd5 exd5 5. Bd3 Bd6 6. Nf3 O-O 7. O-O c6 8. Ne2 Bg4 9. Ng3 Re8 10. h3 Be6 11. Ng5 Bd7 12. c3 h6 13. Nf3 Ne4 14. Ne2 Bf5 15. Bf4 Bxf4 16. Nxf4 Nd7 17. Re1 Ndf6 18.
Ne5 Qc7 19. Qf3 Nd2 20. Qe3 Bxd3 21. Qxd3 Nde4 22. f3 Ng5 23. Re2 Ne6 24. Qf5 Nxf4 25. Qxf4 Re7 26. Rae1 Rae8 27. Kf2 Nd7 28. Nd3 Rxe2+ 29.
Rxe2 Rxe2+ 30. Kxe2 Qxf4 31. Nxf4 g6 32. h4 Kg7 33. g4 Kf6 34. Ke3 Nb6 35. b3 Nc8 36. Nd3 Nd6 37. Ne5 Ke6 38. a4 Ne8 39. Nd3 Nd6 40.
Ne5 Ne8 41. a5 Nc7 42. Nd3 Kd6 43. Ne5 Ke6 44. f4 Nb5 45. Kd3 Nd6 46. a6 bxa6 47.
Nxc6 Ne4 48. Nxa7 Nf2+ 49. Ke2 Nxg4 50. Nc6 Nf6 51. Nb4 Ne4 52. Kd3 Nf2+ 53. Ke2 Ne4 54.
Kd3 Nf2+ 55. Kd2 Ne4+ 56. Kc2 Kf5 57. Nxa6 Kxf4 58. Nc5 g5 59. Nxe4 Kxe4 60. b4 g4 61. b5 g3 62. b6 g2 63. b7 g1=Q 64. b8=Q Qf2+ 65. Kb3 Qxh4 66. Qe5+ Kd3 67. Qf5+ Kd2 68. Qxd5 Qf4 69. Qg2+ Kd3 70. Qh3+ Ke4 71. Qg2+ Kf5 72.
Qd5+ Kf6 73. Qc6+ Ke7 74. Qb7+ Ke8 75. Qc8+ Ke7 76. Qc5+ Ke8 77. d5 Qb8+ 78. Kc4 Qf4+ 79. Kb5 Qf1+ 80. Kc6 Qa6+ 81. Kc7 h5 82. d6 Qa8 83. d7# 1-0

[Event "*** Titled Tuesday Blitz"]
[Site "Chess.com"]
[Date "2021.04.20"]
[Round "9"]
[White "blitzking1729"]
[Black "Sharpchess22"]
[Result "0-1"]
[WhiteElo "2648"]
[BlackElo "2798"]
[TimeControl "180+1"]
[EndTime "11:47:15 PDT"]
[Termination "Sharpchess22 won on time"]

1. d4 d5 2. c4 e6 3. Nc3 Nf6 4. Nf3 a6 5. cxd5 exd5 6. Bg5 Be7 7. e3 Be6 8. Qb3 Ra7 9. Bd3 Nbd7 10. O-O O-O 11.
Rfd1 c6 12. Qc2 Re8 13. Rab1 a5 14. a3 h6 15. Bh4 Bg4 16. Re1 Ne4 17. Bxe7 Qxe7 18.
Bxe4 dxe4 19. Nd2 Nf6 20. Ncxe4 Nxe4 21. Qxe4 Qxe4 22. Nxe4 Rxe4 23. f3 Bxf3 24. gxf3 Re7 25. Rbc1 Ra6 26. Kf2 Rb6 27. Red1 Rxb2+ 28. Kg3 Rxe3 29. d5 cxd5 30. Rxd5 Rbb3 31. Rc8+ Kh7 32. Rf5 Kg6 33. Rf4 h5 34. h4 b5 35. Rc5 f6 36.
a4 bxa4 37. Rxa5 a3 38. Ra7 Rec3 39. Ra5 Rc1 40. Rfa4 Rf1 41. Rf4 Rg1+ 42. Kf2 Rc1 43. Kg3 Rb2 44. Rxa3 Rg1+ 45. Kh3 Rh1+ 46. Kg3 Rhh2 47.
Rfa4 Rbg2+ 48. Kf4 Rxh4+ 49. Ke3 Rxa4 50. Rxa4 Kg5 51.
Ra7 g6 52. Ra6 h4 53. f4+ Kf5 54. Kf3 Rg3+ 55. Kf2 Rg4 56. Ke3 Rg3+ 57. Kf2 Rb3 58. Kg2 Kxf4 59. Rxf6+ Kg5 60. Ra6 Kh5 61. Ra4 g5 62.
Ra5 Rb2+ 63. Kh3 Rb3+ 64. Kg2 Rb4 65. Kh3 Rg4 66. Ra8 Rg3+ 67. Kh2 Rf3 68. Ra5 Kg4 69.
Kg2 h3+ 70. Kh2 Kh4 71. Ra8 Rf2+ 72. Kg1 Rc2 73. Ra3 g4 74. Ra4 Rb2 75. Kh1 Kg3 76. Ra3+ Kf2 77. Kh2 Kf1+ 78. Kh1 Kf2 79. Kh2 Re2 80. Kh1 Re3 81. Ra2+ Kg3 82. Ra1 h2 83. Rf1 Rf3 84. Re1 Kh3 0-1

[Event "*** Titled Tuesday Blitz"]
[Site "Chess.com"]
[Date "2021.04.20"]
[Round "9"]
[White "Sychev_Klementy"]
[Black "seorobert1971"]
[Result "1/2-1/2"]
[WhiteElo "2889"]
[BlackElo "2724"]
[TimeControl "180+1"]
[EndTime "11:47:41 PDT"]
[Termination "Game drawn - insufficient material"]

1. e4 c6 2. Nc3 d5 3. d3 e5 4. Nf3 Nf6 5. d4 exd4 6. Qxd4 Be7 7. exd5 cxd5 8. Bb5+ Nc6 9. O-O O-O 10. Bxc6 bxc6 11. Bg5 c5 12. Qh4 d4 13. Ne4 Bf5 14. Bxf6 Bxf6 15.
Nxf6+ Qxf6 16. Qxf6 gxf6 17. Rac1 Rab8 18. b3 Bg4 19.
Nd2 Rfe8 20. Rfe1 Bf5 21. Rxe8+ Rxe8 22. Kf1 d3 23. g4 Bxg4 24. cxd3 Be2+ 25. Kg2 Bxd3 26.
Rc3 Bg6 27. Rxc5 Re2 28. Rd5 Re1 29. Ra5 Re2 30. Nc4 Bb1 31. a4 Ba2 32. Rxa7 Bxb3 33.
Ne3 Ra2 34. a5 Be6 35. Kg3 Kg7 36. h4 h5 37. Ng2 Ra3+ 38. Kh2 Ra2 39. Kg3 Ra3+ 40.
f3 Bd5 41. Ne1 Ra1 42. Kf2 Ra2+ 43. Ke3 Ra3+ 44. Kf4 Ra4+ 45. Kg3 Ra1 46. Nc2 Ra4 47.
Ne3 Be6 48. Ra8 f5 49. Ng2 Bd5 50. Rd8 Rxa5 51. Nf4 Bc6 52. Nxh5+ Kh6 53. Rh8+ Kg6 54. Nf4+ Kg7 55. Rc8 Bb7 56. Rc7 Ba8 57. h5 Ra3 58.
Ne6+ Kf6 59. Nd4 Rd3 60. Rd7 Bxf3 61. Kf4 Be4 62. h6 Kg6 63. Rd6+ Kh7 64. Ke5 Rh3 65. Rd7 Rxh6 66. Rxf7+ Kg6 67. Rc7 Rh1 68. Ne6 Re1 69. Rg7+ Kh6 70. Kf6 Bd5 71. Rg6+ Kh7 72. Nf4 Bc4 73. Rg3 Re4 74. Rh3+ Kg8 75. Nh5 Re6+ 76. Kxf5 Ra6 77. Nf6+ Kf8 78. Rh8+ Kg7 79. Rh7+ Kf8 80.
Rc7 Bd3+ 81. Ke5 Ra5+ 82. Kd4 Bf5 83. Ke3 Ra6 84. Nh5 Ra4 85. Kf2 Rh4 86. Ng3 Bg6 87.
Rc5 Rh7 88. Ra5 Rf7+ 89. Ke3 Kg7 90. Ra6 Re7+ 91. Kf4 Rb7 92. Kg5 Rb5+ 93. Kf4 Rb4+ 94. Kf3 Rb3+ 95. Kf2 Rb4 96. Ke3 Rb3+ 97. Kf2 Rb4 98.
Ne2 Rb2 99. Re6 Bd3 100. Re3 Rxe2+ 101. Rxe2 Bxe2 1/2-1/2

[Event "*** Titled Tuesday Blitz"]
[Site "Chess.com"]
[Date "2021.04.20"]
[Round "10"]
[White "davigator"]
[Black "Iskusnyh"]
[Result "1-0"]
[WhiteElo "2450"]
[BlackElo "2594"]
[TimeControl "180+1"]
[EndTime "11:49:23 PDT"]
[Termination "davigator won by resignation"]

1. e4 c5 2. Nf3 d6 3. d4 cxd4 4. Nxd4 Nf6 5. Nc3 a6 6. Bg5 e6 7. f4 h6 8. Bh4 Qb6 9. a3 Nbd7 10. Bf2 Qc7 11. Qf3 b5 12. O-O-O Rb8 13. g4 Be7 14. h4 g5 15. hxg5 Ng8 16. g6 1-0

[Event "*** Titled Tuesday Blitz"]
[Site "Chess.com"]
[Date "2021.04.20"]
[Round "10"]
[White "Grandmaster2B"]
[Black "Trickster_Pony"]
[Result "1-0"]
[WhiteElo "2522"]
[BlackElo "1621"]
[TimeControl "180+1"]
[EndTime "11:49:46 PDT"]
[Termination "Grandmaster2B won by checkmate"]

1. e4 c5 2. Nf3 g6 3. d4 cxd4 4.
Qxd4 Nf6 5. e5 Nc6 6. Qa4 Nd5 7. Qe4 Nb6 8. Nc3 Bg7 9. Bf4 O-O 10. O-O-O a5 11.
h4 h5 12. Bd3 a4 13. g4 a3 14. gxh5 axb2+ 15. Kb1 gxh5 16. Qh7# 1-0

[Event "*** Titled Tuesday Blitz"]
[Site "Chess.com"]
[Date "2021.04.20"]
[Round "10"]
[White "ViktoriyaTarasova"]
[Black "tusplingher"]
[Result "1-0"]
[WhiteElo "2434"]
[BlackElo "2276"]
[TimeControl "180+1"]
[EndTime "11:50:03 PDT"]
[Termination "ViktoriyaTarasova won by resignation"]

1. d4 Nf6 2. c4 c5 3. d5 b5 4.
cxb5 a6 5. bxa6 g6 6. Nc3 Bg7 7.
Nf3 O-O 8. e4 d6 9. Be2 Bxa6 10.
O-O Bxe2 11. Qxe2 Nbd7 12. a4 Qa5 13. Bd2 Qb4 14. Rfe1 Qxb2 15. Reb1 Qc2 16. Ne1 Qxb1 17. Rxb1 1-0

[Event "*** Titled Tuesday Blitz"]
[Site "Chess.com"]
[Date "2021.04.20"]
[Round "10"]
[White "aljado"]
[Black "CURRUTACO59"]
[Result "0-1"]
[WhiteElo "2041"]
[BlackElo "2165"]
[TimeControl "180+1"]
[EndTime "11:50:05 PDT"]
[Termination "CURRUTACO59 won by resignation"]

1. e4 e5 2. Nf3 Nf6 3. Bc4 Nxe4 4. d4 d5 5. Bb3 exd4 6. Qxd4 c6 7. O-O Qb6 8. Qe5+ Be6 9. c4 Nd7 10. Qc3 Nxc3 0-1

[Event "*** Titled Tuesday Blitz"]
[Site "Chess.com"]
[Date "2021.04.20"]
[Round "10"]
[White "Blitzking642"]
[Black "kingofthenil"]
[Result "0-1"]
[WhiteElo "2468"]
[BlackElo "2629"]
[TimeControl "180+1"]
[EndTime "11:50:23 PDT"]
[Termination "kingofthenil won by resignation"]

1. e4 e6 2. d4 Ke7 3. f4 Ke8 4. Nf3 d5 5. e5 c5 6. c3 Nc6 7. Be3 h5 8. Bd3 Nh6 9. O-O Ng4 10. Bc1 Qb6 11. Qb3 cxd4 12. Qxb6 axb6 13. cxd4 Nxd4 14.
Nxd4 Bc5 15. Bb5+ Bd7 16. Bxd7+ Kxd7 17. Rd1 Ra4 0-1

[Event "*** Titled Tuesday Blitz"]
[Site "Chess.com"]
[Date "2021.04.20"]
[Round "10"]
[White "PavelShkapenko"]
[Black "davidkalashian"]
[Result "1-0"]
[WhiteElo "2712"]
[BlackElo "2547"]
[TimeControl "180+1"]
[EndTime "11:50:25 PDT"]
[Termination "PavelShkapenko won by resignation"]

1. e4 c5 2. c3 Nf6 3. e5 Nd5 4. d4 cxd4 5. cxd4 Nc6 6. Nc3 Nxc3 7. bxc3 d5 8. Bd3 e6 9. Nf3 Be7 10. h4 h6 11. h5 Bd7 12. Rh3 Rc8 13. Rg3 Kf8 14.
Ng1 Na5 15. Qg4 Bg5 16. f4 Bh4 17. Qxg7+ Ke7 18. Ba3+ Rc5 19. Bxc5+ 1-0

[Event "*** Titled Tuesday Blitz"]
[Site "Chess.com"]
[Date "2021.04.20"]
[Round "10"]
[White "lucachess49"]
[Black "BJthechessgod"]
[Result "1-0"]
[WhiteElo "2443"]
[BlackElo "2289"]
[TimeControl "180+1"]
[EndTime "11:50:32 PDT"]
[Termination "lucachess49 won by resignation"]

1. d4 Nf6 2. c4 e6 3. Nc3 Bb4 4. e3 O-O 5. Ne2 c5 6. a3 Bxc3+ 7. Nxc3 cxd4 8. exd4 d5 9. c5 Nc6 10. Be2 Bd7 11. O-O Re8 12. b4 a6 13. Bf4 Na7 14.
a4 b5 15. axb5 Nxb5 16. Nxb5 Bxb5 17. Bxb5 axb5 18. Qc2 Qc8 19. c6 Nd7 20. Rxa8 Qxa8 21. cxd7 1-0

[Event "*** Titled Tuesday Blitz"]
[Site "Chess.com"]
[Date "2021.04.20"]
[Round "10"]
[White "AnnaChessLook"]
[Black "UnknownxArmy"]
[Result "0-1"]
[WhiteElo "2245"]
[BlackElo "2457"]
[TimeControl "180+1"]
[EndTime "11:50:37 PDT"]
[Termination "UnknownxArmy won by resignation"]

1. d4 Nf6 2. c4 e6 3. Nf3 d5 4. Nc3 dxc4 5. e3 a6 6. a4 c5 7. Bxc4 Nc6 8. O-O cxd4 9. exd4 Be7 10. d5 exd5 11. Nxd5 Nxd5 12. Bxd5 O-O 13. h3 Bf5 14. Be3 Qa5 15. Qb3 Nb4 16. Bc4 Nc2 17. Rac1 Nxe3 18.
Qxe3 Bf6 19. b3 b5 20. axb5 axb5 21. Bd5 Rad8 22. Qf4 Rxd5 0-1

[Event "*** Titled Tuesday Blitz"]
[Site "Chess.com"]
[Date "2021.04.20"]
[Round "10"]
[White "Supernotar"]
[Black "nrvisakh"]
[Result "1/2-1/2"]
[WhiteElo "2695"]
[BlackElo "2798"]
[TimeControl "180+1"]
[EndTime "11:50:55 PDT"]
[Termination "Game drawn by agreement"]

1. d4 Nf6 2. c4 e6 3. Nf3 b6 4. g3 Bb7 5. Bg2 Be7 6. O-O O-O 7.
b3 c5 8. Bb2 cxd4 9. Nxd4 Bxg2 10.
Kxg2 Qc8 11. Nc3 Qb7+ 12. Kg1 Rd8 13. e3 d5 14. cxd5 Nxd5 15. Nxd5 Qxd5 16. Qe2 Bf6 17.
Rfd1 Qb7 18. Rd2 Nd7 19. Rad1 Ne5 20. e4 1/2-1/2

[Event "*** Titled Tuesday Blitz"]
[Site "Chess.com"]
[Date "2021.04.20"]
[Round "10"]
[White "dosto07"]
[Black "jraosam"]
[Result "1-0"]
[WhiteElo "2324"]
[BlackElo "1921"]
[TimeControl "180+1"]
[EndTime "11:51:18 PDT"]
[Termination "dosto07 won by resignation"]

1. e4 c5 2. Nf3 d6 3. Bb5+ Nd7 4. d4 cxd4 5. Qxd4 a6 6. Bxd7+ Bxd7 7. Nc3 Nf6 8. Bg5 e6 9. O-O-O Be7 10. e5 dxe5 11.
Nxe5 h6 12. Bxf6 gxf6 13. Nxd7 1-0

[Event "*** Titled Tuesday Blitz"]
[Site "Chess.com"]
[Date "2021.04.20"]
[Round "10"]
[White "Grandelicious"]
[Black "Volodar_Murzin"]
[Result "1-0"]
[WhiteElo "2823"]
[BlackElo "2720"]
[TimeControl "180+1"]
[EndTime "11:51:28 PDT"]
[Termination "Grandelicious won by resignation"]

1. d4 d5 2. Nf3 Nf6 3. c3 Bf5 4. Qb3 Qc8 5. Bg5 Nbd7 6. Nh4 Bg6 7.
Nd2 e6 8. e3 Bd6 9. Be2 c5 10.
O-O c4 11. Qd1 b5 12. g3 a5 13. b3 Ba3 14. bxc4 dxc4 15. Bxf6 Nxf6 16. Nxc4 Be7 17.
Nb6 1-0

[Event "*** Titled Tuesday Blitz"]
[Site "Chess.com"]
[Date "2021.04.20"]
[Round "10"]
[White "Chernov_Alexander_A"]
[Black "canary2016"]
[Result "1-0"]
[WhiteElo "2288"]
[BlackElo "2008"]
[TimeControl "180+1"]
[EndTime "11:51:39 PDT"]
[Termination "Chernov_Alexander_A won by checkmate"]

1. Nf3 d5 2. g3 c6 3. Bg2 Nf6 4. O-O Bf5 5. d3 e6 6. Qe1 Be7 7. e4 dxe4 8. Nh4 Bg6 9. dxe4 O-O 10. Nc3 Qc7 11. Kh1 Rd8 12. f4 Bh5 13. h3 Nfd7 14. g4 Bg6 15. f5 exf5 16. exf5 Re8 17. fxg6 Na6 18. gxf7+ Kh8 19. fxe8=Q+ Rxe8 20. Bg5 Qd8 21. Bxe7 Rxe7 22. Qf2 Ne5 23. Qf8+ Qxf8 24. Rxf8# 1-0

[Event "*** Titled Tuesday Blitz"]
[Site "Chess.com"]
[Date "2021.04.20"]
[Round "10"]
[White "korkmaz16"]
[Black "Harry_Rakkel"]
[Result "0-1"]
[WhiteElo "2464"]
[BlackElo "2605"]
[TimeControl "180+1"]
[EndTime "11:51:43 PDT"]
[Termination "Harry_Rakkel won by resignation"]

1. e4 c5 2. Nc3 e6 3. f4 Nc6 4. Nf3 a6 5. g3 b5 6. d3 Bb7 7.
Bg2 d6 8. O-O Nf6 9. e5 Nd7 10.
exd6 Bxd6 11. Ne4 Be7 12. Qe2 O-O 13. b3 Qc7 14. Bb2 Rfe8 15. Nfg5 h6 16. Nxf7 Kxf7 17. Qh5+ Kg8 18. Qg6 Nd4 19. Bxd4 cxd4 20. Qxe6+ Kh8 21. Qg6 Nf8 22. Qh5 Qxc2 23. Rad1 Qc7 24. f5 Qe5 25. f6 Qxh5 0-1

[Event "*** Titled Tuesday Blitz"]
[Site "Chess.com"]
[Date "2021.04.20"]
[Round "10"]
[White "rugbyclub"]
[Black "elohunter1999"]
[Result "0-1"]
[WhiteElo "2250"]
[BlackElo "2480"]
[TimeControl "180+1"]
[EndTime "11:51:53 PDT"]
[Termination "elohunter1999 won by resignation"]

1. c4 e5 2. Nc3 Nf6 3. Nf3 Nc6 4. e3 Bb4 5. Qc2 Bxc3 6. Qxc3 Qe7 7. Be2 d5 8. d4 Ne4 9. Qc2 exd4 10. cxd5 Nb4 11.
Qb1 Bf5 12. Nxd4 Bg6 13. Bb5+ c6 14. dxc6 O-O 15. cxb7 Qxb7 16. a3 Nxf2 17. Nf5 Qxb5 18. axb4 Bxf5 19. e4 Bxe4 20. Qa2 Nxh1 0-1

[Event "*** Titled Tuesday Blitz"]
[Site "Chess.com"]
[Date "2021.04.20"]
[Round "10"]
[White "AndreyNeves"]
[Black "GAusal"]
[Result "0-1"]
[WhiteElo "2234"]
[BlackElo "2043"]
[TimeControl "180+1"]
[EndTime "11:52:23 PDT"]
[Termination "GAusal won by resignation"]

1. d4 d5 2. c4 c6 3. Nf3 Nf6 4. e3 g6 5. Nc3 Nbd7 6. Bd3 Bg7 7. O-O O-O 8. e4 dxe4 9. Nxe4 Nxe4 10. Bxe4 e5 11. Bg5 f6 12. Bh4 exd4 13. Nxd4 Qb6 14.
Ne6 Re8 15. Qd6 f5 16. Bxf5 Be5 17. Qd3 Nf8 18. Bxg6 Nxg6 19. Ng5 Qd4 20. Qxd4 Bxd4 21. Rad1 Bxb2 22. Rd3 Nxh4 0-1

[Event "*** Titled Tuesday Blitz"]
[Site "Chess.com"]
[Date "2021.04.20"]
[Round "10"]
[White "VinzentSpitzl"]
[Black "GM_LOADING"]
[Result "0-1"]
[WhiteElo "2419"]
[BlackElo "2541"]
[TimeControl "180+1"]
[EndTime "11:52:25 PDT"]
[Termination "GM_LOADING won by resignation"]

1. c4 e6 2. Nf3 Nf6 3. g3 a6 4. Bg2 b5 5. b3 c5 6. O-O Bb7 7. Bb2 Be7 8. d3 Qb6 9. Nbd2 d6 10. Qc2 O-O 11. e4 Nc6 12. a3 Nd7 13. Rfe1 Bf6 14. Rad1 Rfe8 15. h4 Rad8 16. g4 Bxb2 17. Qxb2 Nde5 18.
Nxe5 dxe5 19. Qc3 Rd7 20. Nf1 Red8 21. Re3 b4 22. axb4 Qxb4 23. Qb2 a5 24. Ra1 Rxd3 25. Rxd3 Rxd3 26. Qc2 Rxb3 27. Nd2 Rb2 28. Qc1 Qxd2 0-1

[Event "*** Titled Tuesday Blitz"]
[Site "Chess.com"]
[Date "2021.04.20"]
[Round "10"]
[White "DFeco"]
[Black "allejam"]
[Result "0-1"]
[WhiteElo "2278"]
[BlackElo "2185"]
[TimeControl "180+1"]
[EndTime "11:52:34 PDT"]
[Termination "allejam won by resignation"]

1. c4 c5 2. g3 g6 3. Bg2 Bg7 4. Nc3 e5 5. e4 Ne7 6. Nge2 O-O 7.
O-O Nbc6 8. d3 d6 9. a3 h6 10.
Rb1 b6 11. b4 Be6 12. h3 Kh7 13.
f4 f5 14. Kh2 Qd7 15. Nd5 Nd4 16. Nxe7 Qxe7 17. Nxd4 exd4 18. exf5 Bxf5 19. Bxa8 Rxa8 20. Re1 Qb7 21. Bd2 Bxd3 22. Rc1 Be4 23. Qg4 Re8 24. Qe2 d3 25. Qf1 Bd4 26. Rb1 Qf7 27. Rxe4 Rxe4 28.
Qxd3 Qe6 29. Rf1 Re2+ 0-1

[Event "*** Titled Tuesday Blitz"]
[Site "Chess.com"]
[Date "2021.04.20"]
[Round "10"]
[White "OlegKrivonosov"]
[Black "Sychev_Klementy"]
[Result "0-1"]
[WhiteElo "2640"]
[BlackElo "2892"]
[TimeControl "180+1"]
[EndTime "11:52:36 PDT"]
[Termination "Sychev_Klementy won by resignation"]

1. Nf3 d5 2. d4 Nf6 3. c4 dxc4 4. e3 e6 5. Bxc4 a6 6. O-O c5 7. dxc5 Bxc5 8. Qxd8+ Kxd8 9. Ne5 Ke7 10. Be2 Nbd7 11. Nc4 b6 12. a3 a5 13. Nbd2 b5 14. b4 axb4 15. Nb2 bxa3 16. Nd3 Bd6 17. Nb3 e5 18. Bd2 Bb7 19. Nb4 Ne4 20. Be1 Rhc8 21. Bxb5 Nc3 22. Bxd7 Kxd7 0-1

[Event "*** Titled Tuesday Blitz"]
[Site "Chess.com"]
[Date "2021.04.20"]
[Round "10"]
[White "TST2014"]
[Black "elextranjero00"]
[Result "1-0"]
[WhiteElo "2662"]
[BlackElo "2567"]
[TimeControl "180+1"]
[EndTime "11:52:41 PDT"]
[Termination "TST2014 won by resignation"]

1. d4 Nf6 2. c4 c5 3. d5 g6 4. Nc3 d6 5. e4 Bg7 6. Bd3 O-O 7. h3 e6 8. Nf3 Na6 9. O-O Nc7 10. Bg5 h6 11. Be3 exd5 12. exd5 b5 13. cxb5 Ncxd5 14. Nxd5 Nxd5 15. Bxg6 Be6 16. Bc2 Re8 17. Rb1 Nxe3 18.
fxe3 d5 19. Qd3 Qb6 20. Nh4 Kf8 21. Qh7 1-0

[Event "*** Titled Tuesday Blitz"]
[Site "Chess.com"]
[Date "2021.04.20"]
[Round "10"]
[White "Anna_ChessMate"]
[Black "Twitch_ElhamBlitz05"]
[Result "0-1"]
[WhiteElo "2582"]
[BlackElo "2739"]
[TimeControl "180+1"]
[EndTime "11:52:47 PDT"]
[Termination "Twitch_ElhamBlitz05 won by resignation"]

1. d4 Nf6 2. c4 e6 3. Nf3 c5 4. Nc3 cxd4 5. Nxd4 d5 6. e3 Nc6 7.
cxd5 exd5 8. Bb5 Bd7 9. O-O Bd6 10. b3 O-O 11. Bb2 Rc8 12. Rc1 Qe7 13. g3 Nxd4 14. Qxd4 Rxc3 15. Bxc3 Bxb5 16. Rfd1 a6 17. a4 Bc6 18.
Bb2 Re8 19. Qb6 h5 20. Bd4 Be5 0-1

[Event "*** Titled Tuesday Blitz"]
[Site "Chess.com"]
[Date "2021.04.20"]
[Round "10"]
[White "ukchessbomber"]
[Black "aaaao"]
[Result "0-1"]
[WhiteElo "2532"]
[BlackElo "2635"]
[TimeControl "180+1"]
[EndTime "11:52:48 PDT"]
[Termination "aaaao won by resignation"]

1. Nf3 Nf6 2. g3 g6 3. Bg2 Bg7 4. O-O O-O 5. d3 d5 6. Nbd2 c5 7. c3 Nc6 8. Qc2 Qc7 9. e4 Rd8 10. Re1 h6 11. e5 Ng4 12. d4 Bf5 13. Qa4 cxd4 14. Nxd4 Nxd4 15. cxd4 Bc2 16. Qa3 Qb6 17.
h3 Nxf2 18. Kxf2 Qxd4+ 19. Qe3 Bxe5 20. Qxd4 Bxd4+ 21. Ke2 Rac8 22. Nf3 Bg7 23. a4 Be4 24. Ra3 Rc2+ 25. Kf1 Rdc8 26. Bf4 Rxb2 27. Nd2 Bxg2+ 28. Kxg2 e5 0-1

[Event "*** Titled Tuesday Blitz"]
[Site "Chess.com"]
[Date "2021.04.20"]
[Round "10"]
[White "ShahMatKanal"]
[Black "shineatchess"]
[Result "1-0"]
[WhiteElo "2400"]
[BlackElo "2228"]
[TimeControl "180+1"]
[EndTime "11:52:48 PDT"]
[Termination "ShahMatKanal won by resignation"]

1. d4 d5 2. c4 e6 3. cxd5 exd5 4. Nc3 c6 5. Bf4 Bd6 6. Bxd6 Qxd6 7. e3 Bf5 8. Bd3 Ne7 9. Nge2 O-O 10. O-O Nd7 11. Ng3 Bxd3 12. Qxd3 Nf6 13. Rad1 Rfe8 14. f3 Ng6 15. e4 dxe4 16. fxe4 Qe7 17. e5 Nd5 18. Nce4 Rad8 19. Qf3 Nh4 20. Qe2 h6 21. Nh5 Qe6 22. Nc5 Qc8 23. Qf2 Rf8 24. Qxh4 b6 25. Ne4 Rde8 26. Nd6 Qd7 27. Nxe8 Rxe8 28. Rf3 1-0

[Event "*** Titled Tuesday Blitz"]
[Site "Chess.com"]
[Date "2021.04.20"]
[Round "10"]
[White "MVM2008"]
[Black "SanchezKelvin"]
[Result "0-1"]
[WhiteElo "2162"]
[BlackElo "164"]
[TimeControl "180+1"]
[EndTime "11:52:51 PDT"]
[Termination "SanchezKelvin won by resignation"]

1. e4 c5 2. Nf3 d6 3. d4 cxd4 4. Nxd4 Nf6 5. Nc3 g6 6. Be2 Nc6 7. O-O Nxd4 8. Qxd4 Bg7 9. h3 O-O 10. Be3 a6 11. a4 Be6 12. Qb4 Qc7 13. Qb6 Qxb6 14.
Bxb6 Rfc8 15. Bf3 Nd7 16. Nd5 Bxd5 17. exd5 Nxb6 18. a5 Nc4 19. Ra4 Nd2 20. Rd1 Nxf3+ 21. gxf3 Rxc2 22. Rb4 Rxb2 23. Rxb2 Bxb2 24. Rb1 Bc3 25.
Rxb7 Bxa5 26. Rxe7 Bb4 27. Re2 a5 28. Ra2 a4 29.
Kf1 a3 30. Ke2 Bc5 31. Kd3 Rb8 32. Kc4 Rb2 33. Ra1 a2 34. Kc3 Rxf2 35. Kb3 Rxf3+ 36. Kxa2 Ra3+ 0-1

[Event "*** Titled Tuesday Blitz"]
[Site "Chess.com"]
[Date "2021.04.20"]
[Round "10"]
[White "Sashadav97"]
[Black "dretch"]
[Result "0-1"]
[WhiteElo "2653"]
[BlackElo "2803"]
[TimeControl "180+1"]
[EndTime "11:53:06 PDT"]
[Termination "dretch won by resignation"]

1. d4 d5 2. c4 c6 3. Nf3 Nf6 4. Nc3 dxc4 5. a4 Bf5 6. e3 e6 7. Bxc4 Bb4 8. O-O O-O 9. Qb3 c5 10. dxc5 a5 11. Nd4 Nbd7 12. c6 Nc5 13. Qd1 bxc6 14.
Nxf5 exf5 15. Qf3 g6 16. Rd1 Qc7 17. Bd2 Rfd8 18. Be1 Ng4 19. Qf4 Qe7 20. Be2 Nb3 21. Rab1 Bd6 22. Rxd6 Qxd6 23. Qxd6 Rxd6 24. Bc4 Nd2 25.
Bxd2 Rxd2 26. Ne2 Ne5 0-1